 Dungeon Crawl Stone Soup version 0.23-a0-612-gcb482e9 (console) character file.

234 Duffy the Chopper (level 6, -1/52 HPs)
             Began as a Naga Gladiator on Dec 21, 2018.
             Slain by Pikel
             ... wielding a +0 whip of flaming
              (5 damage)
             ... on level 4 of the Dungeon.
             The game lasted 00:02:24 (2048 turns).

Duffy the Chopper (Naga Gladiator)                  Turns: 2048, Time: 00:02:25

Health: -1/52      AC:  6    Str: 19    XL:     6   Next: 5%
Magic:  6/6        EV: 10    Int:  8    God:
Gold:   82         SH:  0    Dex: 12    Spells: 5/5 levels left

rFire    . . .     SeeInvis +   a - +0 war axe
rCold    . . .     Gourm    .   (no shield)
rNeg     . . .     Faith    .   b - +0 leather armour
rPois    +         Spirit   .   c - +0 helmet
rElec    .         Reflect  .   (no cloak)
rCorr    .         Harm     .   m - +1 pair of gloves
MR       .....                  (no barding)
Stlth    +.........             (no amulet)
HPRegen  0.17/turn              (no ring)
MPRegen  0.10/turn              (no ring)

@: very slow
A: large, see invisible, deformed body, poison resistance, slowness 2, slow
metabolism 1, spit poison 1, AC +2
a: Spit Poison


You were on level 4 of the Dungeon.
You were not hungry.

You visited 1 branch of the dungeon, and saw 4 of its levels.
You also visited: Sewer.

You collected 82 gold pieces.

Inventory:

Hand Weapons
 a - a +0 war axe (weapon)
Missiles
 d - 2 throwing nets (quivered)
Armour
 b - a +0 leather armour (worn)
 c - a +0 helmet (worn)
 m - a +1 pair of gloves (worn)
Scrolls
 j - a scroll of remove curse {unknown}
 k - 2 scrolls of fog
 o - a scroll of fear {unknown}
 p - a scroll of teleportation {unknown}
 r - 2 scrolls of blinking
 s - a scroll of enchant weapon {unknown}
Potions
 h - a potion of mutation {unknown}
 i - a potion of flight {unknown}
 l - a potion of ambrosia {unknown}
 n - a potion of heal wounds
 q - 2 potions of magic {unknown}
Comestibles
 f - 3 rations


   Skills:
 - Level 2.0 Fighting
 + Level 6.5 Axes
 - Level 1.7 Throwing
 - Level 2.4 Dodging


You had 5 spell levels left.
You didn't know any spells.
Your spell library was empty.

Dungeon Overview and Level Annotations

Branches:
Dungeon (4/15)
 Temple: D:4-7

Altars:
Fedhas
Ru

Annotations:
D:4 Pikel


Innate Abilities, Weirdness & Mutations

You cannot wear boots.
Your serpentine skin is tough. (AC +2)
You have supernaturally acute eyesight. (SInv)
Armour fits poorly on your strangely shaped body.
Your system is resistant to poisons. (rPois)
You cover ground very slowly.
You have a slow metabolism.
You can spit poison.


Message History

Pikel barely misses you. The slave hits you!
The frilled lizard bites you but does no damage.
You hit Pikel but do no damage. You hit the slave. You hit the frilled lizard.
You kill the frilled lizard!
You hit the slave.
Pikel hits you with a +0 whip of flaming.
Pikel burns you. The slave closely misses you. x2
Pikel hits you with a +0 whip of flaming.
Pikel burns you.
As you read the scroll labeled GANGEDW LUSUM, it crumbles to dust.
It is a scroll of identify.
k - 2 scrolls of fog The slave barely misses you.
The slave misses you.
Pikel hits you with a +0 whip of flaming.
Pikel burns you.
As you read the scroll of identify, it crumbles to dust.
r - 2 scrolls of blinking The slave barely misses you. x2
Pikel hits you with a +0 whip of flaming.
You die...

#...>#......#
#....'......#
+....#......#
##########......#
................#
................#
................#
....o.p[..#######
.....oK@..#
###...p...#
#.......#
#.......#
#.......#
#.......#
#.......#
+.......#


You could see Pikel, 2 slaves, an orc wizard and an orc.

Vanquished Creatures
  Purgy (Sewer)
  2 slaves (D:4)
  An orc wizard (D:3)
  7 adders
  2 worms (D:2)
  A dart slug (D:3)
  An orc (D:3)
  4 bats
  4 giant cockroaches
  4 goblins
  2 hobgoblins (D:1)
  3 jackals
  3 kobolds
  A ball python (Sewer)
  9 frilled lizards
  5 rats
50 creatures vanquished.

Notes
Turn   | Place    | Note
-------+----------+-------------------------------------------
     0 | D:1      | Duffy the Naga Gladiator began the quest for the Orb.
     0 | D:1      | Reached XP level 1. HP: 19/19 MP: 1/1
   104 | D:1      | Reached XP level 2. HP: 26/26 MP: 2/2
   613 | D:2      | Reached skill level 4 in Axes
   616 | D:2      | Reached XP level 3. HP: 5/32 MP: 3/3
  1405 | D:3      | Found a blossoming altar of Fedhas.
  1422 | D:3      | Found a sacrificial altar of Ru.
  1427 | D:3      | Reached skill level 5 in Axes
  1427 | D:3      | Reached XP level 4. HP: 32/39 MP: 4/4
  1535 | D:3      | Found a glowing drain.
  1569 | D:3      | Reached XP level 5. HP: 19/45 MP: 5/5
  1588 | Sewer    | Entered a sewer
  1787 | Sewer    | Noticed Purgy
  1799 | Sewer    | Killed Purgy
  1799 | Sewer    | Reached skill level 6 in Axes
  1799 | Sewer    | Reached XP level 6. HP: 31/52 MP: 6/6
  2033 | D:4      | Noticed a slave
  2034 | D:4      | Noticed Pikel
  2034 | D:4      | Noticed a slave
  2035 | D:4      | Noticed a slave
  2037 | D:4      | Noticed a slave
  2042 | D:4      | Killed a slave
  2043 | D:4      | Killed a slave
  2048 | D:4      | Slain by Pikel

Vault maps used:
D:1:      elethiomel_arrival_infinity_welcomes_careful_drivers
D:3:      nicolae_ru_great_annihilating_truth, fedhas_altar_1,
          gup_sewer_entry_glass
D:4:      minmay_ruptured, uniq_pikel, uniq_blork_the_orc, uniq_duvessa
Sewer:    sewer_co_purgy_island

Skill      XL: |  1  2  3  4  5 |
---------------+----------------+-----
Axes           | 4 5 6 |  6.5
Fighting       | |  2.0
Throwing       | |  1.7
Dodging        | |  2.4

Action                   |  1- 3 |  4- 6 || total
-------------------------+-------+-------++-------
Melee: War axe           |    75 |    74 ||   149
Throw: Throwing net      |       |     3 ||     3
 Abil: Spit Poison       |     7 |     5 ||    12
  Use: Scroll            |       |     2 ||     2
 Stab: Sleeping          |     1 |       ||     1
       Held in net/web   |       |     1 ||     1
  Eat: Chunk             |     1 |     2 ||     3
Armor: Leather armour    |    25 |    39 ||    64
Dodge: Dodged            |    50 |    47 ||    97

Table legend:
 A = Non-vault XP
 B = Vault XP
 C = Vault XP percentage of total XP
 D = Non-vault monster count
 E = Vault monster count
 F = Vault count percentage of total count
                 A         B        C        D         E       F
            +---------+---------+-------+---------+---------+-------
      Total |      71 |     264 |  78.8 |      31 |      17 |  35.4
            +---------+---------+-------+---------+---------+-------
        D:1 |      15 |       0 |   0.0 |       9 |       0 |   0.0
        D:2 |      43 |       0 |   0.0 |      16 |       0 |   0.0
        D:3 |      12 |     110 |  90.2 |       5 |       9 |  64.3
        D:4 |       1 |      15 |  93.8 |       1 |       2 |  66.7
      Sewer |       0 |     139 | 100.0 |       0 |       6 | 100.0
            +---------+---------+-------+---------+---------+-------
